General information
			
			
        
        - name: jay2
 
        - type: Custom game
 
        - host: TALONSAREIMBA
 
        - saver: TALONSAREIMBA
 
        
map: TwistedMeadows 
        - players: 2
 
        - length: 11:45
 
        - speed: Fast
 - version: 1.22 W3XP
 - replay type:  Public
 
» download(92 KB)
Players
        team 1 (loser) 
              
              
TALONSAREIMBA (
pink | 155 APM | 1826 actions | 11:45)
              
 2 Mountain King 
 1 Storm Bolt
 1 Bash
 1 Paladin 
 1 Holy Light
 
                » actions 
                
                | Assign group hotkey | 16 |  | 
| Basic commands | 135 |  | 
| Build / train | 44 |  | 
| ESC pressed | 2 |  | 
| Enter build submenu | 15 |  | 
| Enter hero's abilities submenu | 3 |  | 
| Right click | 890 |  | 
| Select / deselect | 381 |  | 
| Select group hotkey | 295 |  | 
| Use ability | 45 |  | 
                1826 total
 » units 
                
                | Peasant | 9 |  | 
| Footman | 4 |  | 
| Rifleman | 10 |  | 
| Sorceress | 1 |  | 
                24 total
 » upgrades
                
                | Masonry | 1 |  | 
| Long Rifles | 1 |  | 
| Sorceress Training | 1 |  | 
                3 total
 » buildings
                
                | Altar of Kings | 1 |  | 
| Farm | 6 |  | 
| Barracks | 1 |  | 
| Scout Tower | 1 |  | 
| Arcane Tower | 1 |  | 
| Arcane Vault | 1 |  | 
| Blacksmith | 1 |  | 
| Lumber Mill | 1 |  | 
| Keep | 1 |  | 
| Arcane Sanctum | 1 |  | 
                15 total
 » build order
                00:03 Altar of Kings
00:04 Farm
00:23 Barracks
00:37 Farm
01:44 Scout Tower
01:59 Farm
02:14 Arcane Tower
02:42 Farm
02:47 Arcane Vault
03:17 Blacksmith
03:56 Lumber Mill
04:03 Farm
04:59 Farm
05:41 Keep
08:56 Arcane Sanctum
» items
                
                | Lesser Clarity Potion | 3 |  | 
| Dust of Appearance | 1 |  | 
| Boots of Speed | 1 |  | 
| Potion of Healing | 3 |  | 
| Potion of Mana | 2 |  | 
                10 total
  
               team 2 (winner) 
              
              
CruelJustice (
blue | 187 APM | 2196 actions | 11:45)
              
 5 Blademaster 
 3 Wind Walk
 2 Critical Strike
 2 Shadow Hunter 
 1 Hex
 1 Healing Wave
 
                » actions 
                
                | Assign group hotkey | 25 |  | 
| Basic commands | 47 |  | 
| Build / train | 66 |  | 
| Enter build submenu | 12 |  | 
| Enter hero's abilities submenu | 6 |  | 
| Give item / drop item | 1 |  | 
| Remove unit from queue | 2 |  | 
| Right click | 961 |  | 
| Select / deselect | 179 |  | 
| Select group hotkey | 837 |  | 
| Use ability | 60 |  | 
                2196 total
 » units 
                » upgrades
                » buildings
                
                | Altar of Storms | 1 |  | 
| Orc Burrow | 4 |  | 
| Barracks | 1 |  | 
| Voodoo Lounge | 1 |  | 
| Stronghold | 4 |  | 
| Beastiary | 3 |  | 
| War Mill | 1 |  | 
| Fortress | 4 |  | 
                19 total
 » build order
                00:06 Altar of Storms
00:15 Orc Burrow
00:39 Barracks
01:38 Orc Burrow
02:14 Voodoo Lounge
02:55 Stronghold
02:56 Stronghold
02:56 Stronghold
02:56 Stronghold
03:54 Orc Burrow
05:23 Beastiary
05:52 Beastiary
06:05 War Mill
08:45 Beastiary
08:48 Orc Burrow
08:50 Fortress
08:50 Fortress
08:50 Fortress
08:50 Fortress
» items
                
                | Boots of Speed | 1 |  | 
| Circlet of Nobility | 1 |  | 
| Healing Salve | 4 |  | 
| Lesser Clarity Potion | 3 |  | 
| Potion of Healing | 3 |  | 
                12 total
  
                Chat log
          (00:27 / All) TALONSAREIMBA: my hu is awful
(00:29 / All) TALONSAREIMBA: in reality
(00:42 / All) CruelJustice: ur used to
(00:44 / All) CruelJustice: Trying harder
(00:45 / All) CruelJustice: with ud
(00:51 / All) TALONSAREIMBA: im used to ud
(00:54 / All) TALONSAREIMBA: in general lol
(00:55 / All) CruelJustice: anyone can expo hu tech tier 3
(00:59 / All) CruelJustice: And overwhelm everything
(01:04 / All) TALONSAREIMBA: too bad i dont hu expo
(01:07 / All) TALONSAREIMBA: i go riflecaster
(01:21 / All) CruelJustice: lately
(01:31 / All) CruelJustice: i have trouble against good humans that go rifle caster
(01:36 / All) CruelJustice: instead of good ones that try to expo
(01:37 / All) TALONSAREIMBA: its reall good
(01:51 / All) CruelJustice: ye but i dont lose vs human
(01:58 / All) CruelJustice: im 10-100 vs orc on ipractice2suck
(03:58 / All) TALONSAREIMBA: i like how
(04:00 / All) TALONSAREIMBA: u are hurt if u burrow
(08:36 / All) TALONSAREIMBA: ugh
(08:38 / All) TALONSAREIMBA: that was bad
(10:30 / All) TALONSAREIMBA: sigh
(11:38 / All) TALONSAREIMBA: yeah thats game